 Dungeon Crawl Stone Soup version 0.26.1-11-gd32895ea62 (webtiles) character file.

Game seed: 14982726683717138898

67 boopmooplesden the Twirler (level 3, 0/27 HPs)
             Began as a Demonspawn Gladiator on July 24, 2021.
             Succumbed to an orc priest's poison
             ... on level 3 of the Dungeon.
             The game lasted 00:02:14 (1846 turns).

boopmooplesden the Twirler (Demonspawn Gladiator)   Turns: 1846, Time: 00:02:15

Health: 0/27       AC:  4    Str: 15    XL:     3   Next: 98%
Magic:  3/3        EV: 16    Int:  9    God:
Gold:   125        SH:  0    Dex: 14    Spells: 2/2 levels left

rFire    . . .     SeeInvis .   a - +0 quarterstaff
rCold    . . .     Faith    .   (shield currently unavailable)
rNeg     . . .     Spirit   .   b - +0 leather armour
rPois    .         Reflect  .   c - +0 helmet
rElec    .         Harm     .   (no cloak)
rCorr    .         Rampage  .   (no gloves)
Will     .....                  (no boots)
Stlth    +.........             (no amulet)
HPRegen  0.09/turn              h - ring of flight
MPRegen  0.08/turn              (no ring)

@: lethally poisoned (0 -> -13)
A: repulsion field 2
a: Evoke Flight


You were on level 3 of the Dungeon.
You visited 1 branch of the dungeon, and saw 3 of its levels.

You collected 125 gold pieces.

Inventory:

Hand Weapons
 a - a +0 quarterstaff (weapon)
Missiles
 d - 2 throwing nets (quivered)
Armour
 b - a +0 leather armour (worn)
 c - a +0 helmet (worn)
 i - a +0 ring mail
Jewellery
 h - a ring of flight (left hand)
 k - a cursed -4 ring of evasion {unknown}
Scrolls
 e - 2 scrolls of identify {unknown}
 f - 2 scrolls of magic mapping {unknown}
 g - 3 scrolls of remove curse {unknown}
 j - a scroll of enchant armour {unknown}
 m - 3 scrolls of fog {unknown}
 o - a scroll of enchant weapon {unknown}
 p - a scroll of blinking {unknown}
Potions
 l - a potion of brilliance {unknown}
 n - a potion of ambrosia {unknown}
 q - a potion of flight {unknown}


   Skills:
 + Level 2.2 Fighting
 + Level 3.5 Staves
 + Level 2.0 Throwing
 + Level 0.5 Armour
 + Level 3.3 Dodging


You had 2 spell levels left.
You didn't know any spells.
Your spell library was empty.

Dungeon Overview and Level Annotations

Branches:
Dungeon (3/15)

Altars:


Innate Abilities, Weirdness & Mutations

You are surrounded by a moderate repulsion field. (EV +3)


Message History

You thump the frilled lizard!
You kill the frilled lizard!
The orc priest struggles against the net.
The orc priest struggles against the net.
You hit the orc priest.
The orc priest is lightly wounded.
The orc priest struggles against the net.
You sock the orc priest!
The orc priest is heavily wounded.
The orc priest struggles against the net.
The net rips apart, and the orc priest comes free!
The orc priest completely misses you.
You thump the orc priest!
The orc priest is almost dead.
The orc priest hits you with a +0 trident of venom!
* * * LOW HITPOINT WARNING * * *
You are lethally poisoned!
You barely miss the orc priest.
The orc priest is almost dead.
You die...

.#...#.#.#####..........<.......
o.o....#.###<#...######.....###.
.......#..##)#...........#.#....
.......#.....#..#######.......#.
.#..o#.#..........# ####.####
.......#...#†.....# ..
...........#......# #
........####......#
###......#...#.@###
.........#.###.o# ....!......
..... ...........#......
..?........'......#
..........##......#
..........##......#
..........##......#


You could see an orc priest.

Vanquished Creatures
  2 adders (D:3)
  An ooze (D:2)
  5 orcs (D:3)
  A ball python (D:3)
  7 bats
  A giant cockroach (D:2)
  A goblin (D:2)
  5 hobgoblins
  6 jackals (D:2)
  A kobold (D:2)
  A quokka (D:3)
  2 frilled lizards (D:3)
  3 rats
36 creatures vanquished.

Notes
Turn   | Place    | Note
-------+----------+-------------------------------------------
     0 | D:1      | boopmooplesden the Demonspawn Gladiator began the quest for
                  | the Orb.
     0 | D:1      | Reached XP level 1. HP: 16/16 MP: 1/1
   542 | D:2      | Gained mutation: You are surrounded by a mild repulsion
                  | field. (EV +2) [demonic ancestry]
   542 | D:2      | Reached XP level 2. HP: 18/22 MP: 2/2
  1302 | D:2      | Gained mutation: You are surrounded by a moderate repulsion
                  | field. (EV +3) [demonic ancestry]
  1302 | D:2      | Reached XP level 3. HP: 22/27 MP: 3/3
  1846 | D:3      | Succumbed to an orc priest's poison

Illustrated notes

Levels and vault maps discovered:
D:1:      nzn_arrival_depleted_hourglass, layout_rooms
D:2:      layout_loops_corners
D:3:      cheibrodos_pilgrimage, layout_basic, lemuel_doored_altar,
          old_standard_altar, minmay_misc_feat_five

Skill      XL: |  1  2 |
---------------+-------+-----
Throwing       | 2 |  2.0
Dodging        | 3 |  3.3
Staves         | 3 |  3.5
Fighting       | |  2.2
Armour         | |  0.5

Action                   || total
-------------------------++-------
Melee: Quarterstaff      ||   107
Throw: Throwing net      ||     1
Armor: Leather armour    ||    40
Dodge: Dodged            ||    91
